AoeStats
← beneath mariana

Coastal Forest

503678540Analyzed
4v4 RM · 1mo ago on Sep 1, 2026· 43m 32s· 8 players
Game mode
Random Map
Map size
Large (8 player)
Population
200
Speed
Normal
Resources
Standard
Victory
Conquest
Starting age
Dark Age
Ending age
Imperial Age
RankedLock teamsTeams togetherTeam positionsShared explorationLock speedFull tech treeHidden civsTurbo modeCheats
Victory
Defeat
🇦🇷 Khmer · Argentina
1457
+17
🇫🇷 Persians · France
1432
+18
🇨🇳 Italians · China
1411
+19
🇺🇸 Maya · United States
1406
+19
🇨🇳 Jurchens · China
1495
-19
🇨🇳 Malay · China
1464
-18
🇨🇳 Portuguese · China
1463
-18
🇨🇳 Magyars · China
1459
-18
B.R D10Sito
10:03 Loom
11:49 Feudal Age
12:40 Double-Bit Axe
16:12 Castle Age
14:29 Fishing Lines
15:34 Gold Mining
15:35 Horse Collar
17:44 Gillnets
18:22 Medium Warships
22:08 Bow Saw
25:44 Town Watch
26:38 Wheelbarrow
26:28 Demolition Ship
32:24 Imperial Age
29:59 Heavy Plow
31:43 Gold Shaft Mining
30:59 Stone Mining
31:16 Scale Barding Armor
31:22 Forging
32:01 Hand Cart
33:19 Chain Barding Armor
33:36 Iron Casting
34:06 Chemistry
33:26 Bloodlines
33:32 Husbandry
34:49 Ballistics
34:21 Fletching
35:57 Conscription
35:37 Light Cavalry
37:19 Hussar
38:19 Masonry
38:39 Caravan
39:36 Fortified Wall
39:23 Bodkin Arrow
40:06 Plate Barding Armor
40:06 Tusk Swords
41:36 Blast Furnace
41:06 Siege Engineers
42:28 Architecture
41:56 Bodkin Arrow
42:04 Elite Ballista Elephant
42:49 Double Crossbow
43:59 Hoardings
Game Sun
6:22 Loom
9:20 Feudal Age
9:50 Double-Bit Axe
12:12 Fletching
13:46 Padded Archer Armor
14:56 Horse Collar
17:18 Gold Mining
20:32 Wheelbarrow
25:13 Castle Age
25:16 Crossbowman
25:52 Bodkin Arrow
26:03 Thumb Ring
27:18 Heavy Plow
27:29 Bow Saw
28:35 Ballistics
28:38 Leather Archer Armor
29:20 Stone Mining
37:51 Imperial Age
39:36 Chemistry
38:38 Bracer
39:39 Two-Man Saw
39:11 Crop Rotation
39:09 Conscription
39:23 Hand Cart
38:54 Town Watch
40:02 Elite Genoese Crossbowman
42:11 Ring Archer Armor
Fs.Caboclo
0:32 Loom
9:35 Feudal Age
10:21 Double-Bit Axe
13:13 Fletching
14:51 Padded Archer Armor
22:03 Wheelbarrow
27:08 Castle Age
25:49 Gold Mining
25:42 Horse Collar
27:50 Bodkin Arrow
27:17 Crossbowman
28:20 Thumb Ring
29:32 Leather Archer Armor
30:38 Ballistics
31:41 Bow Saw
40:23 Stone Mining
44:36 Imperial Age
42:28 Eagle Warrior
43:20 Forging
43:10 Scale Mail Armor
43:48 Stone Shaft Mining
44:17 Hand Cart
JohnnySniper
4:40 Loom
10:40 Feudal Age
14:30 Castle Age
13:50 Scale Barding Armor
13:46 Double-Bit Axe
17:23 Husbandry
20:47 Bloodlines
24:47 Forging
30:10 Gold Mining
30:11 Stone Mining
30:03 Horse Collar
30:43 Bow Saw
33:13 Heavy Plow
35:10 Wheelbarrow
38:05 Imperial Age
36:24 Chain Barding Armor
35:56 Fletching
37:46 Iron Casting
38:23 Heavy Camel Rider
41:31 Plate Barding Armor
41:57 Blast Furnace
860
3:26 Loom
9:31 Feudal Age
11:14 Double-Bit Axe
16:00 Fletching
18:33 Padded Archer Armor
19:14 Horse Collar
34:06 Castle Age
35:22 Wheelbarrow
34:32 Crossbowman
35:34 Bow Saw
35:29 Heavy Plow
41:06 Hand Cart
老狐狸
8:02 Loom
11:07 Feudal Age
14:58 Castle Age
14:02 Double-Bit Axe
13:59 Horse Collar
16:16 Medium Warships
20:53 Fletching
21:44 Wheelbarrow
24:01 Gold Mining
24:05 Stone Mining
27:06 Imperial Age
25:31 Bloodlines
25:58 Husbandry
27:16 Cavalier
28:08 Scale Barding Armor
34:18 Chain Barding Armor
34:41 Heavy Plow
34:53 Bow Saw
36:34 Stone Shaft Mining
39:18 Hand Cart
38:57 Town Watch
40:12 Plate Barding Armor
39:48 Forging
柠檬头的喜悦
8:52 Feudal Age
7:49 Loom
9:42 Double-Bit Axe
15:24 Town Watch
16:16 Scale Barding Armor
16:39 Horse Collar
18:01 Bloodlines
21:11 Castle Age
20:25 Gold Mining
22:17 Chain Barding Armor
22:11 Bow Saw
22:54 Wheelbarrow
24:13 Husbandry
29:29 Heavy Plow
40:25 Imperial Age
41:07 Gold Shaft Mining
41:19 Hand Cart
40:36 Cavalier
42:09 Plate Barding Armor
42:47 Paladin
beneath mariana
8:00 Loom
9:57 Feudal Age
9:43 Double-Bit Axe
14:09 Fletching
17:34 Horse Collar
18:42 Gold Mining
20:11 Wheelbarrow
21:03 Stone Mining
24:15 Castle Age
23:04 Scale Barding Armor
24:21 Forging
24:44 Husbandry
32:12 Hand Cart
33:50 Gold Shaft Mining
36:58 Imperial Age
37:04 Elite Battle Elephant
39:10 Heavy Plow
39:47 Conscription
41:27 Ballistics
41:28 Heavy Scorpion
Connection lost

Rejoining the realm…

Still unreachable

The connection could not be restored.

Session expired

The server has moved on; the page needs a fresh start.